 Dungeon Crawl Stone Soup version 0.17.0 (webtiles) character file.

117 Ultraviolent4 the Ducker (level 4, -1/27 HPs)
             Began as a High Elf Earth Elementalist on Nov 19, 2015.
             Killed from afar by Crazy Yiuf (7 damage)
             ... with a wand of magic darts
             ... on level 2 of the Dungeon.
             The game lasted 00:05:07 (2706 turns).

Ultraviolent4 the Ducker (HEEE)                     Turns: 2706, Time: 00:05:07

Health: -1/27      AC:  4    Str:  7    XL:     4   Next: 71%
Magic:  10/10      EV: 14    Int: 20    God:
Gold:   100        SH:  0    Dex: 15    Spells: 2 memorised, 6 levels left

rFire  . . .     SeeInvis +     b - +1 short sword (venom)
rCold  . . .     Clarity  .     e - +0 robe
rNeg   . . .     SustAt   .     (no shield)
rPois  .         Gourm    .     l - +0 helmet
rElec  .         Spirit   .     (no cloak)
rCorr  .         Warding  .     o - +0 pair of gloves
rMut   .         Stasis   .     (no boots)
MR     .....                    (no amulet)
Stlth  ++........               (no ring)
                                h - ring of see invisible

@: not resistant to hostile enchantments, unstealthy
A: no striking features
a: no special abilities


You were on level 2 of the Dungeon.
You were hungry.

You visited 1 branch of the dungeon, and saw 2 of its levels.

You collected 100 gold pieces.

Inventory:

Hand Weapons
 b - a +1 short sword of venom (weapon)
Missiles
 a - 24 stones (quivered)
Armour
 e - a +0 robe (worn)
 l - a +0 helmet (worn)
 o - a +0 pair of gloves (worn)
Jewellery
 h - a ring of see invisible (left hand)
Scrolls
 f - 2 scrolls of enchant armour {unknown}
 g - a scroll of recharging {unknown}
 i - a scroll of enchant weapon {unknown}
 k - 2 scrolls of random uselessness {unknown}
 n - 2 scrolls of identify {unknown}
 r - a scroll of magic mapping {unknown}
 v - a scroll of immolation {unknown}
 x - a scroll of teleportation {unknown}
Potions
 j - a potion of curing {unknown}
 m - a potion of cancellation
 q - a potion of heal wounds {unknown}
 t - a potion of resistance {unknown}
 w - a potion of flight {unknown}
Books
 c - a book of Geomancy

   Spells                             Type                      Level
   a - Sandblast                      Earth                        1
   b - Stoneskin                      Transmutation/Earth          2
   c - Passwall                       Transmutation/Earth          3
   d - Stone Arrow                    Conjuration/Earth            3
   e - Petrify                        Transmutation/Earth          4
   f - Lee's Rapid Deconstruction     Earth                        5
 u - a book of Annihilations

   Spells                             Type                      Level
   a - Poison Arrow                   Conjuration/Poison           6
   b - Chain Lightning                Conjuration/Air              8
   c - Lehudib's Crystal Spear        Conjuration/Earth            8
   d - Glaciate                       Conjuration/Ice              9
   e - Fire Storm                     Conjuration/Fire             9
Comestibles
 d - a bread ration
 p - 2 meat rations
 s - a slice of pizza


   Skills:
 + Level 1.6 Short Blades
 + Level 3.7 Dodging
 - Level 2.1 Stealth
 + Level 3.6 Spellcasting
 * Level 1.9 Conjurations
   Level 1.1 Transmutations
 - Level 2.4 Earth Magic


You had 6 spell levels left.
You knew the following spells:

 Your Spells              Type           Power        Failure   Level  Hunger
a - Sandblast             Erth           ##....       6%          1    None
b - Stone Arrow           Conj/Erth      ##....       17%         3    ###....


Dungeon Overview and Level Annotations

Branches:
Dungeon (2/15)

Altars:
Okawaru

Annotations:
D:2 Crazy Yiuf


Message History

You hit the fungus.
The fungus is almost destroyed.
You destroy the fungus!
You open the door.
Crazy Yiuf the Enlightened comes into view.
He is wielding a quarterstaff of chaos.
Crazy Yiuf zaps a wand.
The magic dart hits you!
It is a wand of magic darts.
Found a mace.
Crazy Yiuf yells, "Castle bag hog!"
You hit the fungus.
The fungus is lightly damaged.
Crazy Yiuf cries, "Candle!
Proton arm shoe."
Crazy Yiuf cries, "Citrus!"
Crazy Yiuf zaps a wand.
The magic dart hits you!
Crazy Yiuf whimpers, "Dawk green sallow!"
Crazy Yiuf zaps a wand.
The magic dart hits you!
* * * LOW HITPOINT WARNING * * *
Drink which item? (? for menu, Esc to quit)
It was a potion of cancellation.
You feel magically purged.
Crazy Yiuf zaps a wand.
The magic dart hits you!
You die...

... ###.........####....####
#g# #.'.........'.#####.....
♣♣.♣ ###.........###...##..##
♣.♣♣ ##.......###⌠.>.⌠##.#
♣♣.♣ ##.....###.......#.#
♣.♣♣ ##...## #.<.⌠.....#
♣♣.♣♣ ##'## #...))..### ♣.PP♣
#.# ##⌠.>.⌠## ♣.PP♣♣ #### #@#
####...### #....# #..####.##
#..#####.#
##.g#######.##...###........#
#........#.#.....##.......##
##...#.#.#.##...###....##.#
######.....g.........###.#
#############.### #.#
#.#####.# #.......#


You could see Crazy Yiuf.

Vanquished Creatures
  Ijyb (D:2)
  Terence (D:2)
  2 oozes (D:1)
  A worm (D:2)
  4 giant geckos
  A ball python (D:1)
  3 giant cockroaches
  8 goblins
  3 hobgoblins (D:2)
  6 kobolds
  9 bats
  A giant newt (D:2)
  6 rats
  A fungus (D:2)
47 creatures vanquished.

Notes
Turn   | Place    | Note
--------------------------------------------------------------
     0 | D:1      | Ultraviolent4 the High Elf Earth Elementalist began the quest for the Orb.
     0 | D:1      | Reached XP level 1. HP: 11/11 MP: 4/4
   311 | D:1      | Reached XP level 2. HP: 17/17 MP: 2/6
   378 | D:1      | Reached skill level 3 in Dodging
  1150 | D:2      | Reached XP level 3. HP: 21/21 MP: 6/8
  1155 | D:2      | Learned a level 3 spell: Stone Arrow
  1161 | D:2      | Noticed Terence
  1453 | D:2      | Found an iron altar of Okawaru.
  1736 | D:2      | Noticed Ijyb
  1745 | D:2      | Killed Ijyb
  1745 | D:2      | Reached skill level 1 in Conjurations
  1745 | D:2      | Reached XP level 4. HP: 27/27 MP: 8/10
  1814 | D:2      | Reached skill level 1 in Short Blades
  2570 | D:2      | Killed Terence
  2681 | D:2      | Noticed Crazy Yiuf
  2706 | D:2      | Killed from afar by Crazy Yiuf

Action                   |  1- 3 |  4- 6 || total
-------------------------+-------+-------++-------
Melee: Dagger            |     5 |       ||     5
       Short sword       |     7 |    48 ||    55
 Cast: Sandblast         |    41 |       ||    41
       Stone Arrow       |     1 |     2 ||     3
  Use: Potion            |       |     1 ||     1
 Stab: Sleeping          |     1 |       ||     1
  Eat: Chunk             |     2 |     3 ||     5
